 Dungeon Crawl Stone Soup version 0.28.0-53-g5a82cb258f (webtiles) character file.

Game seed: 11024337759591677206

72962 Labrat the Destroyer (level 14, -18/126 HPs)
             Began as a Demigod Conjurer on Aug 5, 2022.
             Shot with a bolt by a yaktaur captain (39 damage)
             ... on level 13 of the Dungeon.
             The game lasted 01:21:27 (29016 turns).

Labrat the Destroyer (Demigod Conjurer)            Turns: 29016, Time: 01:21:27

Health: -18/126    AC: 10    Str: 12    XL:     14   Next: 60%
Magic:  46/46      EV: 12    Int: 38    God:
Gold:   1852       SH:  0    Dex: 12    Spells: 35/42 levels left

rFire   x . .      SeeInvis +   q - +6 hunting sling of Oozing Pus {venom, Drain +Blink Str+4 Int+2 SInv}
rCold   + + .      Faith    .   (no shield)
rNeg    . . .      Spirit   .   T - +2 robe {rC+}
rPois   .          Reflect  .   j - +2 hat
rElec   .          Harm     +   O - +2 cloak {Will+}
rCorr   .          Rampage  .   X - +0 pair of gloves "Edghe" {Harm Slay+3}
Will    ++...                   (no boots)
Stlth   ++........              Q - amulet of regeneration
HPRegen 1.11/turn               i - ring of magical power
MPRegen 0.30/turn               b - ring of ice

@: no status effects
A: high MP 1, forlorn, divine attributes
a: Evoke Blink


You were on level 13 of the Dungeon.
You visited 3 branches of the dungeon, and saw 20 of its levels.
You also visited: Sewer, Ossuary and Ice Cave.

You collected 2035 gold pieces.
You spent 183 gold pieces at shops.

Inventory:

Hand Weapons
 q - the +6 hunting sling of Oozing Pus (weapon) {venom, Drain +Blink Str+4 Int+2 SInv}
   (You found it on level 1 of the Lair of Beasts)

   Any ammunition fired from it poisons the flesh of those it strikes.
   Str:       It affects your strength (+4).
   Int:       It affects your intelligence (+2).
   SInv:      It lets you see invisible.
   +Blink:    It lets you blink.
   Drain:     It drains your maximum health when unequipped.
 M - the +7 quarterstaff "Odots" {freeze, Dex+2}
   (You took it off an orc on level 5 of the Dungeon)

   It freezes those it strikes, dealing additional cold damage.
   It can also slow down cold-blooded creatures.
   Dex:       It affects your dexterity (+2).
Missiles
 k - 11 javelins
 u - a curare-tipped dart
 A - 5 throwing nets
 U - 365 stones (quivered ammo)
Armour
 j - a +2 hat (worn)
 t - a +2 robe of fire resistance
 O - a +2 cloak of willpower (worn)
 T - a +2 robe of cold resistance (worn)
 X - the +0 pair of gloves "Edghe" (worn) {Harm Slay+3}
   (You found it on level 7 of the Dungeon)

   Slay:      It affects your accuracy & damage with ranged weapons and melee
   (+3).
   Harm:      It increases damage dealt and taken.
Jewellery
 b - a ring of ice (right hand)
 e - the ring "Daohaciz" {rF- rC+ Int+7 Dex-3 SInv}
   (You took it off a reaper in an ice cave)

   [ring of protection from cold]

   Int:       It affects your intelligence (+7).
   Dex:       It affects your dexterity (-3).
   rF:        It makes you vulnerable to fire.
   rC:        It protects you from cold.
   SInv:      It lets you see invisible.
 i - a ring of magical power (left hand)
 l - a ring of protection from cold
 m - a ring of positive energy
 s - a +4 ring of protection
 w - a ring of protection from fire
 B - a ring of see invisible
 D - a ring of willpower
 G - a ring of flight
 H - a +6 ring of intelligence
 Q - an amulet of regeneration (around neck)
Wands
 y - a wand of digging (4)
 E - a wand of iceblast (14)
 R - a wand of flame (41)
 V - a wand of paralysis (1)
Scrolls
 c - 5 scrolls of immolation
 d - 2 scrolls of amnesia
 f - 7 scrolls of vulnerability
 g - 6 scrolls of fog
 n - 2 scrolls of enchant armour
 o - 7 scrolls of teleportation
 r - 6 scrolls of blinking
 z - 3 scrolls of enchant weapon
 F - 6 scrolls of fear
 N - 2 scrolls of summoning
 W - 2 scrolls of holy word
 Z - 2 scrolls of silence
Potions
 a - a potion of ambrosia
 h - 4 potions of curing
 p - 3 potions of mutation
 v - a potion of might {unknown}
 x - 3 potions of heal wounds
 C - 2 potions of attraction
 I - 4 potions of cancellation
 J - a potion of resistance {unknown}
 K - 6 potions of haste
 L - a potion of magic {unknown}
 P - a potion of invisibility {unknown}
 S - 6 potions of brilliance
 Y - 5 potions of flight


   Skills:
 - Level 12.0 Fighting
 - Level 1.7 Dodging
 - Level 1.7 Stealth
 + Level 14.5 Spellcasting
 + Level 14.9 Conjurations
 - Level 5.0 Evocations


You had 35 spell levels left.
You knew the following spells:

 Your Spells              Type           Power      Damage    Failure   Level
a - Magic Dart            Conj           100%       1d8       0%          1
b - Searing Ray           Conj           100%       2d8       0%          2
c - Iskenderun's Mystic   Conj/Tloc      71%        2d14      1%          4

Your spell library contained the following spells:

 Spells                   Type           Power      Damage    Failure   Level
 Animate Skeleton         Necr           54%        N/A       1%          1
 Beastly Appendage        Tmut           54%        N/A       1%          1
 Pain                     Necr           100%       1d9       1%          1
 Shock                    Conj/Air       100%       1d9       1%          1
 Ensorcelled Hibernation  Hex/Ice        82%        N/A       1%          2
 Passwall                 Tmut/Erth      22%        N/A       1%          2
 Wereblood                Tmut           27%        N/A       1%          2
 Dazzling Flash           Conj/Hex       100%       N/A       1%          3
 Fulminant Prism          Conj/Hex       35%        3d18      1%          4
 Irradiate                Conj/Tmut      35%        3d25      1%          5
 Call Canine Familiar     Summ           27%        N/A       3%          3
 Portal Projectile        Hex/Tloc       54%        N/A       3%          3
 Spider Form              Tmut/Pois      27%        N/A       3%          3
 Swiftness                Air            27%        N/A       3%          3
 Tukima's Dance           Hex            27%        N/A       3%          3
 Vampiric Draining        Necr           27%        2d7       3%          3
 Airstrike                Air            13%        N/A       13%         4
 Leda's Liquefaction      Hex/Erth       13%        N/A       13%         4
 Passage of Golubria      Tloc           27%        N/A       13%         4
 Summon Ice Beast         Ice/Summ       41%        N/A       13%         4
 Agony                    Necr           27%        N/A       34%         5
 Blade Hands              Tmut           13%        N/A       34%         5
 Silence                  Hex/Air        13%        N/A       34%         5
 Summon Forest            Summ/Tloc      13%        N/A       34%         5
 Summon Mana Viper        Hex/Summ       27%        N/A       34%         5
 Yara's Violent Unravell  Hex/Tmut       13%        3d7       34%         5
 Dispersal                Tloc           13%        N/A       89%         6
 Summon Cactus Giant      Summ           13%        N/A       89%         6
 Dragon Form              Tmut           13%        N/A       100%        7
 Monstrous Menagerie      Summ           13%        N/A       100%        7
 Disjunction              Tloc           13%        N/A       100%        8


Dungeon Overview and Level Annotations

Branches:
Dungeon (13/15)            Temple (1/1) D:5            Lair (6/6) D:9
 Shoals (0/4) Lair:4        Snake (0/4) Lair:2        Slime (0/5) Lair:6
    Orc (0/2) D:12          Sewer (visited)         Ossuary (visited)
  IceCv (visited)
 Vaults: D:13-14

Shops:
D:3 (   D:5 ([*   D:6 **   D:8 :![   D:10 ?

Portals:
Trove: D:11 (give +4 shadow dragon scales)


Innate Abilities, Weirdness & Mutations

You have an increased reservoir of magic. (+10% MP)
You shall have no god before yourself.
Your divine heritage dramatically boosts your attributes as you level up.


Message History

The yaktaur captain is moderately wounded.
The yaktaur captain hits you!
Fire: 368 stones
Press: ? - help, Q - select action, (/) - cycle Shift-Dir - straight line, f/p - yaktaur captain
Aim: a yaktaur captain, quivering bolts (moderately wounded, extremely poisoned, 85% to hit)
You shoot a stone.
The stone hits the yaktaur captain but does no damage.
The yaktaur captain looks as sick as possible!
The yaktaur captain is moderately wounded.
The yaktaur captain misses you. The yaktaur captain hits you!!
* * * LOW HITPOINT WARNING * * *
Casting: Iskenderun's Mystic Blast (mildly dangerous; 1% risk of failure)
Confirm with . or Enter, or press ? or * to list all spells.
You erupt in a blast of force!
The mystic blast hits the yaktaur captain!
The yaktaur captain is severely wounded.
The yaktaur captain is knocked back by the mystic blast.
Unknown command.
The yaktaur captain wields a +0 arbalest.
The yaktaur captain shoots a bolt.
The bolt closely misses you.
You close the door.
You feel much better.
You start resting.
A yaktaur captain is nearby!
Fire: 367 stones
Press: ? - help, Q - select action, (/) - cycle Shift-Dir - straight line, f/p - yaktaur captain
Aim: a yaktaur captain, wielding a +0 arbalest and quivering bolts (severely wounded, very poisoned, 85% to hit)
You shoot a stone. The stone hits the yaktaur captain!
The yaktaur captain is severely wounded.
The yaktaur captain shoots a bolt.
The bolt hits you!!
* * * LOW HITPOINT WARNING * * *
Unknown command.
Unknown command.
Fire: 366 stones
Press: ? - help, Q - select action, (/) - cycle Shift-Dir - straight line, f/p - yaktaur captain
Aim: a yaktaur captain, wielding a +0 arbalest and quivering bolts (severely wounded, very poisoned, 85% to hit)
You shoot a stone.
The stone barely misses the yaktaur captain.
The yaktaur captain shoots a bolt.
The bolt hits you!!
You die...

##........####.........#+#......
##........##...........#........
.#.=......##....................
.#>...............).............
.#........#........c.....#......
##.......................# .....
#########........(.......# ...
...##...#(.c####+##......# ..
...##...........@#.......##. .
...##............#..........
#####............#..).......
....#............#..........
....#............###........
....#.......................
....#.....#....#.............≈≈
....##....#....#.............≈≈≈
....##.....................≈≈≈≈≈


You could see a yaktaur captain (very poisoned).

Vanquished Creatures
  A reaper (IceCv)
  Fannar (Lair:3)
  Harold (D:7)
  Josephine (Lair:4)
  2 boulder beetles
  12 hydras
  2 catoblepae (Lair:6)
  13 death yaks
  5 two-headed ogres
  A deep elf pyromancer (D:13)
  An ugly thing (D:11)
  2 cyclopes
  4 manticores
  Maurice (D:13)
  21 elephants
  3 black mambas (Lair:6)
  2 ice statues (IceCv)
  19 cane toads
  2 gargoyles
  A torpor snail (Lair:3)
  5 rime drakes
  2 kobold demonologists (D:10)
  A freezing wraith (IceCv)
  8 komodo dragons
  An entropy weaver simulacrum (IceCv)
  A guardian mummy (D:11)
  7 ice devils (IceCv)
  A troll (D:10)
  A polar bear (Lair:6)
  19 blink frogs
  9 dream sheep
  A raiju (shapeshifter) (D:13)
  A meliai zombie (D:11)
  4 shadows
  A water elemental (D:12)
  A vampire (D:10)
  8 wraiths
  42 yaks
  5 wyverns
  A steam dragon (D:8)
  5 basilisks
  10 vampire mosquitoes
  A harpy simulacrum (IceCv)
  An acid dragon (D:10)
  3 nagas (Lair:2)
  15 water moccasins
  A black bear (D:8)
  An ice beast (D:6)
  5 orc warriors
  A swamp drake (D:9)
  A necrophage (D:6)
  An ogre (D:5)
  3 wolves (Lair:6)
  4 phantoms
  10 centaurs
  5 kobold brigands
  Blork the orc (D:6)
  9 bullfrogs
  3 two-headed ogre simulacra (IceCv)
  A gnoll sergeant (D:12)
  A water moccasin zombie (D:6)
  4 scorpions
  2 cane toad simulacra (IceCv)
  A wyvern skeleton (D:6)
  4 killer bees (D:8)
  A troll zombie (D:12)
  6 electric eels
  6 howler monkeys
  6 centaur zombies
  2 bullfrog zombies (D:5)
  A lava snake (Lair:6)
  4 jellies
  2 centaur skeletons
  A bullfrog skeleton (D:5)
  9 orc priests
  5 hounds
  Crazy Yiuf (D:5)
  Jessica (D:3)
  An iguana (D:6)
  Natasha (thrice) (D:3)
  7 hell rats (Lair:6)
  13 orc wizards
  3 troll simulacra (IceCv)
  2 polar bear simulacra (IceCv)
  A killer bee zombie (D:6)
  2 wolf simulacra (IceCv)
  5 ogre zombies (D:12)
  6 mummies (Ossuary)
  A howler monkey zombie (D:4)
  A hound skeleton (D:4)
  11 gnolls
  5 naga simulacra (IceCv)
  9 adders
  3 river rats (Sewer)
  A shadow imp (D:8)
  2 white imps (D:7)
  4 ufetubi
  2 adder skeletons
  4 worms
  4 dart slugs
  38 orcs
  3 bats
  10 endoplasms
  A giant cockroach (D:2)
  4 goblins
  12 hobgoblins
  8 jackals
  24 kobolds
  9 ball pythons
  4 frilled lizards
  2 goblin skeletons (D:12)
  A goblin zombie (D:12)
  A hobgoblin skeleton (D:12)
  5 hobgoblin zombies
  2 orc skeletons (D:12)
  10 orc zombies (D:12)
  9 rats
585 creatures vanquished.

Vanquished Creatures (others)
  2 wyverns (D:9)
  A water moccasin (Lair:2)
  4 bushes
  82 fungi
  97 plants
186 creatures vanquished.

Grand Total: 771 creatures vanquished

Notes
Turn   | Place    | Note
-------+----------+-------------------------------------------
     0 | D:1      | Labrat the Demigod Conjurer began the quest for the Orb.
     0 | D:1      | Reached XP level 1. HP: 14/14 MP: 5/5
   249 | D:1      | Reached XP level 2. HP: 20/20 MP: 3/7
  1118 | D:1      | Learned a level 2 spell: Searing Ray
  1221 | D:1      | Reached XP level 3. HP: 26/26 MP: 0/9
  1815 | D:2      | Reached XP level 4. HP: 33/33 MP: 5/11
  2421 | D:3      | Found a glowing drain.
  2588 | D:3      | Reached skill level 5 in Conjurations
  2588 | D:3      | Reached XP level 5. HP: 14/38 MP: 7/13
  2679 | D:3      | Noticed Natasha
  2749 | D:3      | Killed Natasha
  2751 | D:3      | Noticed Natasha
  2808 | D:3      | Killed Natasha
  2853 | Sewer    | Entered a sewer
  2863 | Sewer    | Reached XP level 6. HP: 6/45 MP: 1/16
  3193 | Sewer    | Reached skill level 5 in Spellcasting
  3670 | D:3      | Noticed Natasha
  3676 | D:3      | Killed Natasha
  3965 | D:3      | Noticed Jessica
  3970 | D:3      | Killed Jessica
  4379 | D:3      | Found Pautinip's Weapon Shop.
  4698 | D:4      | Reached XP level 7. HP: 57/57 MP: 8/17
  5250 | D:4      | Learned a level 4 spell: Iskenderun's Mystic Blast
  5738 | D:5      | Entered Level 5 of the Dungeon
  5755 | D:5      | Reached skill level 5 in Fighting
  5839 | D:5      | Found a sand-covered staircase.
  5940 | Ossuary  | Entered an ossuary
  6371 | D:5      | Reached XP level 8. HP: 68/68 MP: 12/20
  6593 | D:5      | Identified the +7 quarterstaff "Odots" {freeze, Dex+2}
  6713 | D:5      | Found Leuwk's General Store.
  6716 | D:5      | Bought a scroll of identify for 24 gold pieces
  6716 | D:5      | Bought a scroll of summoning for 114 gold pieces
  6896 | D:5      | Found a staircase to the Ecumenical Temple.
  7043 | D:5      | Found Redih's Antique Armour Shop.
  7132 | D:5      | Found Xeuly's Weapon Emporium.
  7163 | D:5      | Found a runed translucent door.
  7164 | D:5      | Noticed Crazy Yiuf
  7628 | D:5      | Killed Crazy Yiuf
  7712 | D:6      | Found Toleos's Assorted Antiques.
  7865 | D:6      | Noticed a two-headed ogre
  7872 | D:6      | Reached skill level 1 in Evocations
  7981 | Temple   | Entered the Ecumenical Temple
  8058 | D:6      | Noticed Blork the orc
  8068 | D:6      | Killed Blork the orc
  8069 | D:6      | Reached XP level 9. HP: 74/74 MP: 9/23
  8384 | D:6      | Found Luluethy's Assorted Antiques.
  8789 | D:6      | Killed a two-headed ogre
  9790 | D:7      | You fall into a shaft and drop 2 floors!
  9790 | D:9      | Noticed a komodo dragon
  9806 | D:9      | Killed a komodo dragon
 10283 | D:9      | Reached XP level 10. HP: 81/81 MP: 20/27
 10737 | D:9      | Found a staircase to the Lair.
 11353 | D:8      | Found Ezepp's Book Emporium.
 11355 | D:8      | Found Uduhigh's Distillery.
 11357 | D:8      | Found Lewir's Armour Emporium.
 12077 | D:7      | Identified the +0 pair of gloves "Edghe" {Harm Slay+3}
 12109 | D:7      | Noticed Harold
 12464 | D:10     | Entered Level 10 of the Dungeon
 12501 | D:10     | Reached skill level 10 in Conjurations
 12626 | D:10     | Noticed a two-headed ogre
 12630 | D:10     | Killed a two-headed ogre
 12631 | D:10     | Reached skill level 10 in Spellcasting
 13166 | D:10     | Found Tiwid's Magic Scroll Boutique.
 13174 | D:10     | Bought a scroll of magic mapping for 45 gold pieces
 14369 | D:11     | Reached skill level 5 in Evocations
 14679 | D:11     | Found a portal to a secret trove of treasure.
 14761 | D:11     | Noticed a cyclops
 14769 | D:11     | Killed a cyclops
 14770 | D:11     | Reached XP level 11. HP: 33/89 MP: 18/29
 15321 | Lair:1   | Entered Level 1 of the Lair of Beasts
 15774 | Lair:1   | Noticed a six-headed hydra
 15785 | Lair:1   | Killed a six-headed hydra
 15942 | Lair:1   | Identified the +6 hunting sling of Oozing Pus {venom, Drain
                  | +Blink Str+4 Int+2 SInv}
 17432 | Lair:2   | Found a staircase to the Snake Pit.
 17766 | Lair:2   | Reached XP level 12. HP: 101/101 MP: 32/32
 18267 | Lair:3   | Noticed a five-headed hydra
 18267 | Lair:3   | Noticed an eight-headed hydra
 18289 | Lair:3   | Killed a five-headed hydra
 18293 | Lair:3   | Killed an eight-headed hydra
 18450 | Lair:3   | Noticed Fannar
 18552 | Lair:3   | Killed Fannar
 19467 | Lair:4   | Noticed a five-headed hydra
 19475 | Lair:4   | Killed a five-headed hydra
 19778 | Lair:4   | Reached skill level 10 in Fighting
 20228 | Lair:4   | Noticed a boulder beetle
 20240 | Lair:4   | Killed a boulder beetle
 20325 | Lair:4   | Found a staircase to the Shoals.
 20418 | Lair:4   | Noticed Josephine
 20418 | Lair:4   | Noticed a six-headed hydra
 20447 | Lair:4   | Killed a six-headed hydra
 20448 | Lair:4   | Reached XP level 13. HP: 63/111 MP: 13/33
 20448 | Lair:4   | Killed Josephine
 21198 | Lair:5   | Identified the +0 ring mail "Toxenn" {Regen+ Stlth+}
 22499 | Lair:6   | Entered Level 6 of the Lair of Beasts
 22588 | Lair:6   | Found a runed translucent door.
 23256 | Lair:6   | Found a staircase to the Slime Pits.
 23747 | Lair:6   | Reached XP level 14. HP: 124/126 MP: 20/36
 24312 | Lair:6   | Identified the +3 leather armour of Theory {Str+3}
 25702 | D:12     | Found a frozen archway.
 25736 | IceCv    | Entered an ice cave
 26230 | IceCv    | Identified the ring "Daohaciz" {rF- rC+ Int+7 Dex-3 SInv}
 26230 | IceCv    | Noticed a reaper
 26249 | IceCv    | Killed a reaper
 27197 | D:12     | Found a staircase to the Orcish Mines.
 27993 | D:7      | Killed Harold
 28583 | D:13     | Noticed Maurice
 28600 | D:13     | Killed Maurice
 29016 | D:13     | Shot with a bolt by a yaktaur captain

Illustrated notes

Levels and vault maps discovered:
D:1:      giann_wishing_wells, layout_basic, dreamdust_ecumenical_altar_statues,
          minmay_heptomino_d4
D:2:      layout_rooms, minmay_crystal_water
D:3:      layout_basic, chequers_temple_overflow_minitemple, serial_shops,
          nicolae_shop_hallway_stairs, portal_sewer_entry_a, uniq_jessica,
          uniq_natasha
D:4:      layout_rooms
D:5:      layout_basic, mainiacjoe_overflow_surrounded_room,
          minmay_temple_entry_tees, lightli_ossuary_entry_decrepit_ruins,
          serial_shops, kennysheep_mini, nicolae_shop_bloodbath_and_beyond,
          nicolae_shop_hallway_plus, minmay_checkerbox, uniq_crazy_yiuf_cottage
D:6:      minmay_chambers_of_fours, layout_loops_ring, nzn_wu_jian_council_hall,
          serial_shops, nicolae_lakefront_shop, shop, uniq_blork_the_orc
D:7:      layout_loops_ring, uniq_harold
D:8:      layout_basic, nicolae_ashenzari_panopticon, kennysheep_cross_room,
          nicolae_wooded_promenade, abandoned_shop, minmay_misc_feat_chi
D:9:      layout_rooms, erik_lair_dragon, minmay_misc_feat_roman,
          kennysheep_cluttered_room, chequers_serial_rivers_small_3
D:10:     layout_basic, serial_shops, shop_scrolls, minmay_increasing_density
D:11:     layout_cave_pools, nicolae_trove_entry_path_of_doom
D:12:     layout_loops_ring, zombieorc1_lemuel, portal_ice_cave_rime,
          zin_statuary
D:13:     layout_basic, david_vaults_2, uniq_maurice
Temple:   eino_temple_rhombus
Lair:1:   layout_regular_city, infiniplex_staircase_pool_2, grunt_megastairs_5
Lair:2:   layout_chaotic_city, minmay_snake_entry_guardpost_small,
          serial_bayou_shore_b
Lair:3:   layout_regular_city, serial_bayou_shore_a, infiniplex_staircase_pool,
          uniq_fannar
Lair:4:   layout_roguey, minmay_shoals_entry_centaurs, basic_altar,
          uniq_josephine
Lair:5:   layout_regular_city, grunt_megastairs_4
Lair:6:   hangedman_lair_in_review, layout_gridlike, slime_altar_2,
          chequers_serial_rivers_micro_c, nicolae_lair_grazing_beasts
          [nicolae_sub_lair_graze_edge, nicolae_sub_lair_graze_edge,
          nicolae_sub_lair_graze_edge, nicolae_sub_lair_graze_edge]

Skill      XL: |  1  2  3  4  5  6  7  8  9 10 11 12 13 14 |
---------------+-------------------------------------------+-----
Spellcasting   | 2 3 4 5 7 8 10 11 12 13 14 | 14.5
Conjurations   | 4 5 7 9 10 11 12 13 14 | 14.9
Fighting       | 3 5 6 8 11 12 | 12.0
Evocations     | 1 5 |  5.0
Dodging        | |  1.7
Stealth        | |  1.7

Action                   |  1- 3 |  4- 6 |  7- 9 | 10-12 | 13-15 || total
-------------------------+-------+-------+-------+-------+-------++-------
Melee: Dagger            |     6 |    38 |    27 |       |       ||    71
       Quarterstaff      |       |       |    25 |    23 |       ||    48
 Fire: Hunting sling     |       |       |       |   270 |   619 ||   889
Throw: Javelin           |       |       |     7 |       |       ||     7
 Cast: Magic Dart        |    99 |    84 |   171 |    74 |       ||   428
       Searing Ray       |       |    25 |    45 |    55 |     3 ||   128
       Iskenderun's Myst |       |       |    17 |   107 |   167 ||   291
Evoke: Wand              |       |       |     1 |     2 |       ||     3
  Use: Scroll            |       |       |     6 |    10 |     8 ||    24
       Potion            |       |       |     1 |       |     1 ||     2
Armor: Robe              |     3 |     8 |    78 |    85 |    47 ||   221
Dodge: Dodged            |     8 |    54 |   110 |   124 |    97 ||   393
